 Dungeon Crawl Stone Soup version 0.30-a0-718-geaa24f58ff (webtiles) character file.

Game seed: 10401604787470551955

816 Fenrisus the Ruffian (level 7, -2/70 HPs)
             Began as a Troll Fighter on Jan 25, 2023.
             Was an Initiate of Hepliaklqana.
             Slain by an orc
             ... wielding a +0 whip
              (3 damage)
             ... on level 4 of the Dungeon.
             The game lasted 00:11:27 (3472 turns).

Fenrisus the Ruffian (Troll Fighter)                Turns: 3472, Time: 00:11:28

Health: -2/70      AC:  4    Str: 25    XL:     7   Next: 62%
Magic:  6/6        EV:  9    Int:  4    God:    Hepliaklqana [......]
Gold:   273        SH:  8    Dex: 11    Spells: 6/6 levels left

rFire   . . .      SeeInvis .      - Unarmed
rCold   . . .      Faith    .    b - +0 kite shield
rNeg    . . .      Spirit   .    a - +0 robe
rPois   .          Reflect  .    (helmet restricted)
rElec   .          Harm     .    (no cloak)
rCorr   .          Rampage  .    (gloves unavailable)
Will    .....                    (boots unavailable)
Stlth   +                        (no amulet)
HPRegen 1.11/turn                (no ring)
MPRegen 0.10/turn                (no ring)

@: mighty
A: large, unfitting armour, claws 3, regeneration 1, shaggy fur 1, tough skin 1
a: Renounce Religion


You were on level 4 of the Dungeon.
You worshipped Hepliaklqana.
Hepliaklqana was noncommittal.
You visited 1 branch of the dungeon, and saw 5 of its levels.

You collected 273 gold pieces.

Inventory:

Armour
 a - a +0 robe (worn)
 b - a +0 kite shield (worn)
Wands
 l - a wand of charming (5)
Scrolls
 g - 2 scrolls of poison {unknown}
 i - a scroll of blinking {unknown}
 j - a scroll of teleportation {unknown}
Potions
 c - a potion of might
 d - 2 potions of lignification
 e - a potion of curing {unknown}
 f - a potion of mutation
 h - a potion of berserk rage {unknown}


   Skills:
 + Level 4.2 Fighting
 - Level 1.2 Armour
 + Level 4.2 Dodging
 + Level 4.5 Shields
 + Level 4.6 Unarmed Combat


You had 6 spell levels left.
You didn't know any spells.
Your spell library contained the following spells:

 Spells                   Type           Power      Damage    Failure   Level
 Apportation              Tloc           0%         N/A       78%         1
 Alistair's Intoxication  Tmut/Pois      0%         N/A       100%        5


Dungeon Overview and Level Annotations

Branches:
Dungeon (5/15)             Temple (0/1) D:4

Altars:
Hepliaklqana
Xom

Shops:
D:3 [


Innate Abilities, Weirdness & Mutations

You are too large for most types of armour.
You have claws for hands.
Your natural rate of healing is unusually fast.
You are covered in fur. (AC +1)
You have tough skin. (AC +1)


Message History

The black bear bites you! The black bear claws you.
You block the black bear's attack. You block the orc's attack.
The black bear bites you. The black bear barely misses you.
The black bear claws you.
You scratch the black bear.
The black bear is almost dead.
The black bear bites you but does no damage.
The black bear claws you but does no damage.
The black bear barely misses you. The orc hits you with a +0 whip.
You closely miss the black bear.
The black bear is almost dead.
The black bear bites you! You block the black bear's attack.
The black bear claws you but does no damage.
The orc misses you. The black bear barely misses you. The black bear claws you.
The black bear barely misses you.
You closely miss the black bear.
The black bear is almost dead.
The black bear bites you!
* * * LOW HITPOINT WARNING * * *
The black bear claws you.
* * * LOW HITPOINT WARNING * * *
The black bear claws you but does no damage.
The orc closely misses you.
You barely miss the black bear.
The black bear is almost dead.
You block the black bear's attack.
The black bear claws you but does no damage.
The black bear completely misses you. The orc barely misses you.
The black bear barely misses you. The black bear claws you.
* * * LOW HITPOINT WARNING * * *
The black bear misses you.
You feel very mighty all of a sudden. The black bear barely misses you.
You block the black bear's attack. The black bear claws you.
* * * LOW HITPOINT WARNING * * *
The orc priest mumbles some strange prayers to Beogh against you.
Beogh smites you!
* * * LOW HITPOINT WARNING * * *
The orc hits you with a +0 whip.
You die...

*,***.##.#)**** #.....†.
***,,,*,.,...,,,# #.....†.
*<,,..,,#...###.# #.......
****#...#.#.#.#.#***#...####
**#...[.....#..,+....,,,
*,###.#.##..#*#...##**
*,#.$oo....#* #...#
*,#.#ho....#**#####
#.#..@###....,,,,,*
#.......+,...,,,,,*
#####[###,,..,,,,,* #.#
*,,,.,,,,,* #.# *,,,,,,,,,*
#.# *********** #.# #.# #.#


You could see a black bear (berserk), an orc priest and 2 orcs.

Vanquished Creatures
  A black bear (D:3)
  2 ogres
  A phantom (D:3)
  A scorpion (D:4)
  A bullfrog (D:4)
  A jelly (D:4)
  An orc priest (D:4)
  3 iguanas (D:4)
  An orc wizard (D:4)
  8 gnolls (D:3)
  2 adders
  An ufetubus (D:4)
  3 worms
  2 dart slugs (D:4)
  3 orcs
  8 bats
  8 endoplasms
  8 giant cockroaches
  4 goblins
  12 hobgoblins
  4 jackals
  3 quokkas
  10 ball pythons
  5 frilled lizards
  4 kobolds
  4 rats
101 creatures vanquished.

Notes
Turn   | Place    | Note
-------+----------+-------------------------------------------
     0 | D:1      | Fenrisus the Troll Fighter began the quest for the Orb.
     0 | D:1      | Reached XP level 1. HP: 22/22 MP: 0/0
   139 | D:1      | Reached XP level 2. HP: 29/29 MP: 1/1
   928 | D:1      | Reached XP level 3. HP: 36/36 MP: 2/2
  1493 | D:3      | Noticed a phantom
  1504 | D:3      | Killed a phantom
  1505 | D:3      | Reached XP level 4. HP: 43/45 MP: 3/3
  1537 | D:3      | Reached skill level 1 in Armour
  1538 | D:3      | Reached XP level 5. HP: 43/53 MP: 4/4
  1729 | D:3      | Found Vuapunia's Antique Armour Shop.
  1923 | D:3      | Found a shimmering altar of Xom.
  1924 | D:3      | Found a hazy altar of Hepliaklqana.
  1925 | D:3      | Noticed a spectral ugly thing
  1931 | D:3      | Became a worshipper of Hepliaklqana the Forgotten
  2483 | D:3      | Noticed a black bear
  2574 | D:3      | Killed a black bear
  2575 | D:3      | Reached XP level 6. HP: 44/61 MP: 5/5
  2922 | D:4      | Found a staircase to the Ecumenical Temple.
  3025 | D:4      | Reached XP level 7. HP: 13/68 MP: 6/6
  3406 | D:5      | Entered Level 5 of the Dungeon
  3472 | D:4      | HP: 1/70 [orc priest/divine providence (7)]
  3472 | D:4      | Slain by an orc

Illustrated notes

Levels and vault maps discovered:
D:1:      minmay_arrival_solitary_statue, layout_basic, hangedman_feature_mirror
D:2:      cheibrodos_helix_gallery, layout_rooms
D:3:      layout_basic, regret_index_temple_of_mockery, serial_shops,
          shop_fountains, minmay_fractal_squares_5
D:4:      layout_basic, temple_pool_b
D:5:      layout_basic, grunt_temple_overflow_open, portal_sewer_entry_e,
          minmay_crystal_water, uniq_menkaure

Skill      XL: |  1  2  3  4  5  6  7 |
---------------+----------------------+-----
Shields        | 3 4 |  4.5
Fighting       | 3 4 |  4.2
Dodging        | 3 4 |  4.2
Unarmed Combat | 3 4 |  4.6
Armour         | 1 |  1.2

Action                     |  1- 3 |  4- 6 |  7- 9 || total
---------------------------+-------+-------+-------++-------
  Melee: Unarmed           |   133 |   130 |    60 ||   323
  Throw: Throwing net      |       |       |     1 ||     1
  Evoke: Wand              |       |       |     3 ||     3
    Use: Scroll            |     4 |     3 |       ||     7
         Potion            |     1 |     3 |     1 ||     5
   Stab: Sleeping          |       |     1 |       ||     1
         Held in net/web   |       |       |     1 ||     1
 Armour: Robe              |    47 |    36 |    10 ||    93
  Dodge: Dodged            |    45 |    57 |    40 ||   142
  Block: Kite shield       |    58 |    63 |    34 ||   155

Table legend: (Time is in decaauts)
 A = Elapsed time spent in this place.
 B = Non-inter-level travel time spent in this place.
 C = Inter-level travel time spent in this place.
 D = Time resting spent in this place.
 E = Time spent auto-exploring this place.
 F = Levels seen in this place.
 G = Mean time per level.
                   A        B        C        D        E       F      G
               +--------+--------+--------+--------+--------+-----+--------+
         Total |   3497 |   2506 |    991 |    294 |   1512 |   5 |  699.4 |
       Dungeon |   3497 |   2506 |    991 |    294 |   1512 |   5 |  699.4 |
               +--------+--------+--------+--------+--------+-----+--------+

Top non-repeatable levels by time:
     D:3: 1401 daAuts
     D:1: 995 daAuts
     D:4: 543 daAuts
     D:2: 504 daAuts
     D:5: 51 daAuts
